 Dungeon Crawl Stone Soup version 0.29.0-11-gd7f09526c8 (webtiles) character file.

Game seed: 5560464942551932159

147 GigaChad the Covered (level 5, 0/47 HPs)
             Began as a Minotaur Fighter on Sept 6, 2022.
             Slain by Ijyb
             ... wielding a +0 club
              (3 damage)
             ... on level 3 of the Dungeon.
             The game lasted 00:04:16 (1795 turns).

GigaChad the Covered (Minotaur Fighter)             Turns: 1795, Time: 00:04:17

Health: 0/47       AC:  7    Str: 22    XL:     5   Next: 7%
Magic:  4/4        EV: 18    Int:  5    God:
Gold:   116        SH:  0    Dex: 10    Spells: 4/4 levels left

rFire   + + .      SeeInvis .   (weapon currently unavailable)
rCold   + + .      Faith    .   (shield currently unavailable)
rNeg    + + +      Spirit   .   (body armour currently unavailable)
rPois   ∞          Reflect  .   (helmet currently unavailable)
rElec   +          Harm     .   (cloak currently unavailable)
rCorr   +          Rampage  .   (gloves currently unavailable)
Will    .....                   (boots currently unavailable)
Stlth   +.........              (amulet currently unavailable)
HPRegen 0.15/turn               (ring currently unavailable)
MPRegen 0.09/turn               (ring currently unavailable)

@: wisp-form, flying
A: insubstantial, flying, no casting, tiny, (horns 2), (retaliatory headbutt)
a: no special abilities


You were on level 3 of the Dungeon.
You were an insubstantial wisp.
You visited 1 branch of the dungeon, and saw 3 of its levels.

You collected 116 gold pieces.

Inventory:

Hand Weapons
 a - a +2 long sword (melded)
Armour
 b - a +0 scale mail (melded)
 c - a +0 buckler (melded)
Wands
 m - a wand of mindburst (4)
Scrolls
 f - 2 scrolls of vulnerability
 g - 2 scrolls of fear
Potions
 d - a potion of might
 h - a potion of ambrosia {unknown}
 i - a potion of magic {unknown}
 j - 2 potions of lignification {unknown}


   Skills:
 + Level 4.4 Fighting
 + Level 4.0 Long Blades
 + Level 4.6 Armour
 + Level 1.5 Dodging
 + Level 4.3 Shields


You had 4 spell levels left.
You didn't know any spells.
Your spell library contained the following spells:

 Spells                   Type           Power      Damage    Failure   Level
 Blink                    Tloc           0%         N/A       63%         2
 Lesser Beckoning         Tloc           0%         N/A       85%         3
 Portal Projectile        Hex/Tloc       0%         N/A       85%         3
 Tukima's Dance           Hex            0%         N/A       85%         3
 Blade Hands              Tmut           0%         N/A       100%        5
 Manifold Assault         Tloc           0%         N/A       100%        5


Dungeon Overview and Level Annotations

Branches:
Dungeon (3/15)

Altars:

Annotations:
D:3 Ijyb


Innate Abilities, Weirdness & Mutations

You are an insubstantial wisp.
Your tiny insubstantial body is highly resistant to most damage types.
You are flying.
Your equipment is entirely melded.
You are incapable of wielding weapons or throwing items.
You cannot cast spells.
((You have a pair of horns on your head.))
((You reflexively headbutt those who attack you in melee.))


Message History

Ijyb hits you but does no damage.
You barely miss Ijyb.
Ijyb is severely wounded.
Ijyb hits you but does no damage.
You touch Ijyb but do no damage.
Ijyb is severely wounded.
Ijyb closely misses you.
You touch Ijyb but do no damage.
Ijyb is severely wounded.
Ijyb closely misses you.
You barely miss Ijyb.
Ijyb is severely wounded.
You touch Ijyb but do no damage.
Ijyb is severely wounded.
You condense into your normal self.
Your +2 long sword unmelds from your body.
Your +0 buckler unmelds from your body.
Your +0 scale mail unmelds from your body.
Ijyb closely misses you. You furiously retaliate!
You headbutt Ijyb, but do no damage. You hit Ijyb but do no damage.
Ijyb is severely wounded.
Ijyb barely misses you. You block Ijyb's attack.
You barely miss Ijyb.
Ijyb is severely wounded.
Ijyb closely misses you.
You closely miss Ijyb. You headbutt Ijyb.
Ijyb is almost dead.
Ijyb zaps a wand.
You turn into an insubstantial wisp.
Your +2 long sword melds into your body.
Your +0 buckler melds into your body.
Your +0 scale mail melds into your body.
You barely miss Ijyb.
Ijyb is almost dead.
Ijyb hits you with a +0 club.
* * * LOW HITPOINT WARNING * * *
You touch Ijyb but do no damage.
Ijyb is almost dead.
Ijyb hits you with a +0 club.
You die...

# #.# #.# ..# ###
######### ### #####...
.....#.. ... .......#.
#.##.#.##.# #
#####.##.##.##.#.#.# <# #
#. #........vg# .[ #
#.##.##.##.#.#.#.# #
#.......##.#.##.##... #
#..........#........#
#####........#######.##..
##.......#.#.#
##.##......#.# ...
........#..#.###.....
........#..#.........


You could see Ijyb.

Vanquished Creatures
  An ice beast (D:3)
  2 adders (D:3)
  4 endoplasms
  5 giant cockroaches
  5 goblins
  2 hobgoblins
  A quokka (D:3)
  3 ball pythons
  6 bats
  4 kobolds
33 creatures vanquished.

Vanquished Creatures (others)
  4 toadstools (D:1)
4 creatures vanquished.

Grand Total: 37 creatures vanquished

Notes
Turn   | Place    | Note
-------+----------+-------------------------------------------
     0 | D:1      | GigaChad the Minotaur Fighter began the quest for the Orb.
     0 | D:1      | Reached XP level 1. HP: 19/19 MP: 0/0
   139 | D:1      | Reached XP level 2. HP: 27/27 MP: 1/1
   391 | D:2      | Found a faded altar of an unknown god.
  1205 | D:3      | Reached XP level 3. HP: 30/33 MP: 2/2
  1661 | D:3      | Reached skill level 1 in Dodging
  1722 | D:3      | Noticed an ice beast
  1734 | D:3      | HP: 1/33 [ice beast (14)]
  1736 | D:3      | Killed an ice beast
  1737 | D:3      | Reached XP level 4. HP: 2/41 MP: 3/3
  1737 | D:3      | Reached XP level 5. HP: 2/47 MP: 4/4
  1757 | D:3      | Noticed Ijyb
  1795 | D:3      | Slain by Ijyb

Illustrated notes

Levels and vault maps discovered:
D:1:      ldierk_water_garden, layout_basic, amcnicky_mini_corridor_feature,
          columned_hall_lemuel
D:2:      layout_loops_ring, chequers_ecumenical_altar_simple_redux,
          kennysheep_boxes
D:3:      layout_loops_cross, uniq_ijyb

Skill      XL: |  1  2  3 |
---------------+----------+-----
Armour         | 4 |  4.6
Shields        | 4 |  4.3
Fighting       | 4 |  4.4
Long Blades    | 4 |  4.0
Dodging        | 1 |  1.5

Action                   |  1- 3 |  4- 6 || total
-------------------------+-------+-------++-------
Melee: Long sword        |    80 |     3 ||    83
       Headbutt          |    11 |     1 ||    12
       Unarmed           |       |    26 ||    26
Evoke: Wand              |     1 |       ||     1
  Use: Scroll            |     5 |       ||     5
Armor: Scale mail        |    33 |       ||    33
       Skin              |       |     6 ||     6
Dodge: Dodged            |    41 |    16 ||    57
Block: Buckler           |    26 |     1 ||    27
